 Dungeon Crawl Stone Soup version 0.20.1-1-g8b1a95d (webtiles) character file.

631 dengdeng the Slasher (level 7, -10/44 HPs)
             Began as a Gargoyle Berserker on Oct 29, 2017.
             Was a Believer of Trog.
             Mangled by an ogre
             ... wielding a +0 giant club
              (14 damage)
             ... on level 4 of the Dungeon.
             The game lasted 00:29:41 (4230 turns).

dengdeng the Slasher (Gargoyle Berserker)           Turns: 4230, Time: 00:29:42

Health: -10/44     AC: 14    Str: 23    XL:     7   Next: 48%
Magic:  0/7        EV:  9    Int:  7    God:    Trog [**....]
Gold:   166        SH:  0    Dex:  9    Spells: 6/6 levels left

rFire    . . .     SeeInvis +   a - +0 falchion
rCold    . . .     Gourm    .   (no shield)
rNeg     + . .     Faith    .   v - +0 chain mail
rPois    ∞         Spirit   +   (no helmet)
rElec    +         Reflect  .   (no cloak)
rCorr    .         Harm     .   (no gloves)
MR       .....                  (no boots)
Stlth    ..........             g - amulet of guardian spirit
Regen    0.2/turn               j - ring of see invisible
MPRegen  0.1/turn               (no ring)

@: no status effects
A: negative energy resistance 1, electricity resistance, unbreathing,
petrification resistance, rot immunity, AC +4
a: Berserk, Trog's Hand, Burn Spellbooks, Renounce Religion


You were on level 4 of the Dungeon.
You worshipped Trog.
Trog was pleased with you.
You were not hungry.

You visited 1 branch of the dungeon, and saw 4 of its levels.

You collected 166 gold pieces.

Inventory:

Hand Weapons
 a - a +0 falchion (weapon)
Missiles
 h - 64 stones
 m - 6 poisoned needles (quivered)
Armour
 d - a +0 ring mail
 l - a +2 leather armour of fire resistance
 v - a +0 chain mail (worn)
 x - a +0 ring mail
Jewellery
 g - an amulet of guardian spirit (around neck)
 j - a ring of see invisible (left hand)
 p - an uncursed ring of magical power
 w - a cursed ring of protection from fire
Wands
 y - a wand of lightning (0/15)
Scrolls
 e - a scroll of noise {unknown}
 f - a scroll of amnesia {unknown}
 i - 3 scrolls of recharging {unknown}
 q - a scroll of fog {unknown}
 r - 2 scrolls of enchant armour {unknown}
 s - 2 scrolls of immolation {unknown}
 z - 4 scrolls of remove curse {unknown}
 A - a scroll of identify
Potions
 b - a potion of curing {unknown}
 o - a potion of degeneration {unknown}
 t - 3 potions of flight {unknown}
 B - a potion of agility {unknown}
Comestibles
 c - 3 bread rations
 k - a meat ration
 n - 3 royal jellies
 u - 2 fruits
 C - a chunk of flesh


   Skills:
 + Level 5.0 Fighting
 + Level 5.8 Long Blades
 + Level 4.4 Armour
 + Level 2.2 Dodging
 + Level 0.5 Stealth


You had 6 spell levels left.
You didn't know any spells.

Dungeon Overview and Level Annotations

Branches:
Dungeon (4/15)
 Temple: D:4-7

Altars:
Gozag

Shops:
D:4 (


Innate Abilities, Weirdness & Mutations

You are resistant to torment.
Your stone body is resilient. (AC +4)
You are immune to poison.
You resist negative energy. (rN+)
You are resistant to electric shocks. (rElec)
You can survive without breathing.
You are immune to petrification.
You are immune to rotting.


Message History

The ogre is heavily wounded.
The ogre barely misses you.
You riposte.
You hit the ogre.
The ogre is heavily wounded.
You hit the ogre.
The ogre is heavily wounded.
The ogre misses you.
You riposte.
You hit the ogre.
The ogre is severely wounded.
You completely miss the ogre.
The ogre is severely wounded.
The ogre hits you with a giant club!!
You hit the ogre but do no damage.
The ogre is severely wounded.
You completely miss the ogre.
The ogre is severely wounded.
The ogre hits you with a giant club!
* * * LOW HITPOINT WARNING * * *
You hit the ogre.
The ogre is almost dead.
The ogre hits you with a giant club!
You die...

#............
#............
#............
#............
#........?...
#............
#....O.......
#....@.......
##
#............
.##
#............
..#
#........>...
..#
#............
.##
#............
.##
#............
..#
##..##.......
..#
##..##.......


You could see an ogre.

Vanquished Creatures
  The ghost of Hocho the Skirmisher, an amateur OpWn (D:4)
  A centaur (D:3)
  An orc wizard (D:4)
  A bullfrog skeleton (D:4)
  Jessica (D:3)
  Ijyb (D:3)
  A worker ant (D:4)
  An iguana (D:4)
  Terence (D:3)
  3 gnolls (D:4)
  6 adders
  An ooze (D:3)
  4 worms
  A dart slug (D:3)
  3 leopard geckos
  10 orcs
  3 ball pythons (D:1)
  7 bats
  3 giant cockroaches
  4 goblins
  7 hobgoblins
  2 quokkas
  5 kobolds
  10 rats
78 creatures vanquished.

Notes
Turn   | Place    | Note
-------+----------+-------------------------------------------
     0 | D:1      | dengdeng the Gargoyle Berserker began the quest for the Orb.
     0 | D:1      | Reached XP level 1. HP: 14/14 MP: 1/1
   109 | D:1      | Reached XP level 2. HP: 19/19 MP: 2/2
   854 | D:2      | Reached XP level 3. HP: 22/24 MP: 3/3
  1062 | D:2      | Found an opulent altar of Gozag.
  1330 | D:2      | Reached ** piety under Trog
  1557 | D:2      | Reached XP level 4. HP: 29/29 MP: 4/4
  2027 | D:3      | Noticed Terence
  2045 | D:3      | Killed Terence
  2045 | D:3      | Reached XP level 5. HP: 30/33 MP: 5/5
  2080 | D:3      | Noticed Jessica
  2084 | D:3      | Killed Jessica
  2312 | D:3      | Noticed Ijyb
  2345 | D:3      | Killed Ijyb
  2866 | D:3      | Noticed a centaur
  2886 | D:3      | Killed a centaur
  2886 | D:3      | Reached XP level 6. HP: 21/39 MP: 4/6
  3419 | D:4      | Found Taxoqut's Antique Weapon Shoppe.
  3582 | D:4      | Reached skill level 5 in Long Blades
  3854 | D:4      | Noticed Hocho's ghost (amateur OpWn)
  3907 | D:4      | Reached XP level 7. HP: 20/44 MP: 3/7
  3933 | D:4      | Killed Hocho's ghost
  3933 | D:4      | Reached skill level 5 in Fighting
  4230 | D:4      | Mangled by an ogre

Skill      XL: |  1  2  3  4  5  6  7 |
---------------+----------------------+-----
Long Blades    | 3 4 5 |  5.8
Fighting       | 4 5 |  5.0
Dodging        | 2 |  2.2
Armour         | 3 4 |  4.4
Stealth        | |  0.5

Action                   |  1- 3 |  4- 6 |  7- 9 || total
-------------------------+-------+-------+-------++-------
Melee: Falchion          |   102 |   220 |    39 ||   361
  Use: Scroll            |     1 |     5 |       ||     6
  Eat: Chunk             |     2 |     3 |     2 ||     7
       Bread ration      |       |     1 |       ||     1
Armor: Animal skin       |    21 |       |       ||    21
       Scale mail        |    26 |       |       ||    26
       Chain mail        |       |   171 |    23 ||   194
Dodge: Dodged            |    68 |   119 |    12 ||   199
       Rpst.: Falchion   |    20 |    42 |     5 ||    67
